 Dungeon Crawl Stone Soup version 0.18-a0-1109-gfc003ac (webtiles) character file.

3509 gorblad the Nimble (level 9, -7/93 HPs)
             Began as a Troll Berserker on Jan 17, 2016.
             Was a High Priest of Trog.
             Mangled by a boulder beetle (34 damage)
             ... on level 7 of the Dungeon.
             The game lasted 00:13:02 (5848 turns).

gorblad the Nimble (Troll Berserker)                Turns: 5848, Time: 00:13:02

Health: -7/93      AC:  9    Str: 30    XL:     9   Next: 81%
Magic:  8/8        EV: 12    Int:  3    God:    Trog [*****.]
Gold:   303        SH:  0    Dex:  9    Spells: 0 memorised, 8 levels left

rFire  . . .     SeeInvis .       - Unarmed
rCold  . . .     Gourm    +     a - +0 animal skin
rNeg   . . .     Faith    +     (no shield)
rPois  .         Spirit   .     (helmet restricted)
rElec  .         Dismiss  .     v - +1 cloak
rCorr  .         Reflect  .     (gloves unavailable)
SustAt .         Harm     .     (boots unavailable)
MR     .....                    e - amulet of faith
Stlth  +.........               (no ring)
                                p - +2 ring of protection

@: not resistant to hostile enchantments, very unstealthy
A: unfitting armour, claws 3, fast metabolism 3, gourmand, regeneration 2,
shaggy fur 1, tough skin 2
a: Berserk, Trog's Hand, Brothers in Arms, Burn Spellbooks, Renounce Religion


You were on level 7 of the Dungeon.
You worshipped Trog.
Trog was extremely pleased with you.
You were very full.

You visited 1 branch of the dungeon, and saw 7 of its levels.

You collected 303 gold pieces.

Inventory:

Missiles
 w - 5 poisoned tomahawks (quivered)
Armour
 a - a +0 animal skin (worn)
 v - a +1 cloak (worn)
Jewellery
 e - an amulet of faith (around neck)
 p - a +2 ring of protection (left claw)
Scrolls
 c - 6 scrolls of teleportation
 q - a scroll of identify
 t - a scroll of blinking
 y - a scroll of enchant weapon
Potions
 g - 2 potions of curing {unknown}
 h - a potion of brilliance {unknown}
 l - 2 potions of poison {unknown}
 m - a potion of agility {unknown}
 n - 4 potions of might
 o - 2 potions of flight
 r - 2 potions of haste {unknown}
Comestibles
 b - 7 bread rations
 i - 2 fruits
 j - a beef jerky
 s - 5 meat rations


   Skills:
 * Level 7.1 Fighting
 - Level 9.0 Dodging
 + Level 6.3 Unarmed Combat


You had 8 spell levels left.
You didn't know any spells.

Dungeon Overview and Level Annotations

Branches:
Dungeon (7/15)             Temple (0/1) D:4

Altars:
Dithmenos
Elyvilon
Fedhas
Nemelex Xobeh
Ru
Xom
Zin

Shops:
D:6 (


Innate Abilities, Weirdness & Mutations

You are too large for most types of armour.
You have claws for hands.
Your metabolism is lightning-fast.
You like to eat raw meat.
You heal very quickly.
You are covered in fur (AC +1).
You have very tough skin (AC +2).


Message History

You are too injured to fight recklessly!
You are too injured to fight recklessly!
You are too injured to fight recklessly!
You are too injured to fight recklessly!
You are too injured to fight recklessly!
You are too injured to fight recklessly!
You are too injured to fight recklessly!
You are too injured to fight recklessly!
You are too injured to fight recklessly!
Okay, then.
Drink which item? (? for menu, Esc to quit)
You are confused.
You feel invigorated.
You bump into the rock wall.
You bump into the rock wall.
The boulder beetle bites you but does no damage.
You bump into the rock wall.
You feel less invigorated.
You feel less confused. The boulder beetle bites you!!
You die...

.............................# #
............###..............####
..#.......>......................
.............###.###.....##....#.
..........##.# #.# #.....#......#
..........##.# #.# #............#
....#........# #.#####...........
......######## #B#...#....#......
..#.### #@#...†....#......
......# #.#........#####..
....#.# #.#........# #....
....#.# #.#...#....###....
......# ..#...######......
....#.# ####### #...... ###.#.#
#...... ###'#.# ####### ......#
###.


You could see a boulder beetle.

Vanquished Creatures
  Pikel (D:7)
  The ghost of vliron the Chucker, a novice TrHu (D:6)
  Menkaure (D:6)
  An ice beast (D:7)
  Duvessa (D:4)
  A sky beast (D:7)
  A slave (D:7)
  4 phantoms
  2 ogres (D:5)
  A centaur (D:6)
  2 giant frogs (D:6)
  Dowan (D:4)
  2 scorpions
  7 crimson imps
  2 hounds
  A centaur zombie (D:5)
  A gnoll shaman (D:5)
  4 orc priests
  Crazy Yiuf (D:4)
  2 centaur skeletons
  2 jellies
  3 giant frog skeletons
  Natasha (thrice) (D:4)
  4 worker ants
  An iguana (D:6)
  7 orc wizards
  A hound zombie (D:5)
  A hound skeleton (D:7)
  14 adders
  4 gnolls (D:5)
  A shadow imp (D:5)
  6 oozes
  3 adder skeletons
  2 worms
  6 giant geckos
  29 orcs
  4 bats
  8 giant cockroaches
  8 goblins
  2 hobgoblins
  4 jackals
  9 kobolds
  4 quokkas
  3 ball pythons
  5 giant newts
  A jackal skeleton (D:4)
  2 quokka skeletons
  12 rats
186 creatures vanquished.

Vanquished Creatures (others)
  An orc wizard (D:7)
  An adder (D:7)
  A giant gecko (D:7)
3 creatures vanquished.

Grand Total: 189 creatures vanquished

Notes
Turn   | Place    | Note
--------------------------------------------------------------
     0 | D:1      | gorblad the Troll Berserker began the quest for the Orb.
     0 | D:1      | Reached XP level 1. HP: 22/22 MP: 0/0
     3 | D:1      | Found a runed door.
    14 | D:1      | Reached XP level 2. HP: 29/29 MP: 1/1
    37 | D:1      | Reached XP level 3. HP: 32/36 MP: 2/2
   123 | D:1      | Reached ** piety under Trog
   810 | D:2      | Found a white marble altar of Elyvilon.
   820 | D:2      | Reached skill level 4 in Dodging
   855 | D:2      | Reached XP level 4. HP: 44/44 MP: 3/3
  1329 | D:2      | Reached *** piety under Trog
  1574 | D:3      | Found a sacrificial altar of Ru.
  1791 | D:3      | Found a sparkling altar of Nemelex Xobeh.
  1886 | D:3      | Found a sparkling altar of Nemelex Xobeh.
  1896 | D:3      | Reached XP level 5. HP: 34/50 MP: 4/4
  1913 | D:3      | Reached skill level 5 in Dodging
  2009 | D:3      | Found a faded altar to an unknown god.
  2040 | D:3      | Noticed a phantom
  2073 | D:3      | Killed a phantom
  2073 | D:3      | Reached XP level 6. HP: 20/59 MP: 5/5
  2529 | D:4      | Noticed Natasha
  2539 | D:4      | Killed Natasha
  2562 | D:4      | Noticed Natasha
  2579 | D:4      | Killed Natasha
  2579 | D:4      | Reached skill level 6 in Dodging
  2594 | D:4      | Noticed Natasha
  2600 | D:4      | Killed Natasha
  2600 | D:4      | Reached **** piety under Trog
  2643 | D:4      | Found a staircase to the Ecumenical Temple.
  2749 | D:4      | Found a blossoming altar of Fedhas.
  2760 | D:4      | Found a shadowy altar of Dithmenos.
  2863 | D:4      | Found a shimmering altar of Xom.
  2876 | D:4      | Noticed Duvessa
  2877 | D:4      | Noticed Dowan
  2882 | D:4      | Killed Duvessa
  2882 | D:4      | Reached XP level 7. HP: 66/66 MP: 6/6
  2885 | D:4      | Killed Dowan
  2885 | D:4      | Reached skill level 7 in Dodging
  2968 | D:4      | Noticed Crazy Yiuf
  2977 | D:4      | Killed Crazy Yiuf
  3117 | D:4      | Found a glowing silver altar of Zin.
  3471 | D:5      | Entered Level 5 of the Dungeon
  3480 | D:5      | Reached skill level 8 in Dodging
  3487 | D:5      | Reached XP level 8. HP: 60/74 MP: 7/7
  3804 | D:5      | Reached skill level 9 in Dodging
  3975 | D:5      | Reached ***** piety under Trog
  4415 | D:6      | Found Icvusi's Antique Weapon Shoppe.
  4559 | D:6      | Noticed vliron's ghost (novice TrHu)
  4579 | D:6      | Killed vliron's ghost
  4579 | D:6      | Reached XP level 9. HP: 63/87 MP: 8/8
  4666 | D:6      | Reached skill level 5 in Fighting
  4854 | D:6      | Reached skill level 5 in Unarmed Combat
  4855 | D:6      | Noticed Menkaure
  4858 | D:6      | Killed Menkaure
  5206 | D:7      | Noticed Pikel
  5218 | D:7      | Killed Pikel
  5377 | D:7      | Received a gift from Trog
  5848 | D:7      | Mangled by a boulder beetle

Vault maps used:
D:1:      dpeg_arrival_caged_fury
D:2:      elyvilon_altar_5
D:3:      marbit_many_paths, overflow_temple_1_default, ecumenical_altar_2,
          nemelex_diamond_rough_becter
D:4:      led_xom_imps, grunt_temple_overflow_open, zin_treasury,
          temple_doors_e, first_bread, uniq_duvessa, uniq_crazy_yiuf_cottage,
          uniq_natasha
D:6:      serial_shops, shop, uniq_menkaure
D:7:      boulder_indie, uniq_pikel

Action                   |  1- 3 |  4- 6 |  7- 9 || total
-------------------------+-------+-------+-------++-------
Melee: Unarmed           |    98 |   183 |   376 ||   657
Invok: Berserk           |     1 |     2 |     3 ||     6
       Trog's Hand       |       |       |     1 ||     1
       Burn Spellbooks   |       |       |     1 ||     1
  Use: Scroll            |     1 |     5 |     7 ||    13
       Potion            |       |       |     2 ||     2
 Stab: Sleeping          |     1 |     1 |       ||     2
  Eat: Chunk             |    14 |    20 |    30 ||    64
